 Dungeon Crawl Stone Soup version 0.17-a0-1-g1f4be75 (webtiles) character file.

65 McCoppin the Sneak (level 3, -5/15 HPs)
             Began as a Felid Transmuter on Mar 8, 2015.
             Killed from afar by Sigmund (8 damage)
             ... with a magic dart
             ... on level 2 of the Dungeon.
             The game lasted 00:13:59 (2169 turns).

McCoppin the Sneak (Felid Transmuter)               Turns: 2169, Time: 00:13:59

Health: -5/15      AC:  1    Str:  6    XL:     3   Next: 94%
Magic:  8/8        EV: 18    Int: 14    God:
Gold:   93         SH:  0    Dex: 17    Spells: 1 memorised, 5 levels left
                                        Lives:  0   Deaths: 0

rFire  + . .     SeeInvis +       - Unarmed
rCold  x . .     Clarity  .     (armour unavailable)
rNeg   . . .     SustAb   .     (shield unavailable)
rPois  .         Gourm    .     (helmet unavailable)
rElec  .         Spirit   .     (cloak unavailable)
rCorr  .         Warding  .     (gloves unavailable)
rMut   .         Stasis   .     (boots unavailable)
MR     .....                    (no amulet)
Stlth  +++.......               (no ring)
                                k - ring of fire

@: very slightly contaminated, invisible, quick, not resistant to hostile
enchantments, fairly stealthy
A: paw claws, no armour, no weapons or thrown items, fangs 3, see invisible,
carnivore 3, speed 1, shaggy fur 1, slow metabolism 1, sharp paws
a: no special abilities


You were on level 2 of the Dungeon.
You were very full.

You visited 1 branch of the dungeon, and saw 2 of its levels.

You collected 93 gold pieces.

Inventory:

Missiles
 b - 28 arrows
Jewellery
 k - a ring of fire (left paw)
Scrolls
 h - a scroll of teleportation {unknown}
Potions
 e - a potion of curing
 j - a potion of brilliance
Books
 d - a book of Changes

   Spells                             Type                      Level
   a - Beastly Appendage              Transmutation                1
   b - Sticks to Snakes               Transmutation                2
   c - Spider Form                    Transmutation/Poison         3
   d - Ice Form                       Ice/Transmutation            4
   e - Blade Hands                    Transmutation                5
Comestibles
 a - a meat ration
 c - 3 chunks of flesh
 f - a beef jerky
 i - a slice of pizza


   Skills:
 - Level 1.0 Fighting
 - Level 2.6 Dodging
 + Level 4.0 Stealth
 + Level 3.8 Unarmed Combat
 - Level 2.0 Spellcasting
 - Level 2.1 Transmutations


You had 5 spell levels left.
You knew the following spells:

 Your Spells              Type           Power        Failure   Level  Hunger
a - Beastly Appendage     Trmt           #.....       12%         1    ##.....


Dungeon Overview and Level Annotations

Branches:
Dungeon (2/15)

Altars:

Annotations:
D:2 Sigmund


Innate Abilities, Weirdness & Mutations

You cannot wear armour.
You are incapable of wielding weapons or throwing items.
You have razor-sharp teeth.
You have supernaturally acute eyesight.
You are carnivorous and can eat meat at any time.
You cover ground quickly.
You are covered in fur (AC +1).
You have a slow metabolism.
Your paws have sharp claws that are effective at stabbing.


Message History

Drink which item? (? for menu, Esc to quit)
It was a potion of invisibility.
You fade into invisibility!
You are very lightly contaminated with residual magic.
Press: ? - help, . - travel You can't see that place. [the floor.]
The helpless Sigmund fails to defend himself.
You mangle Sigmund!!
Sigmund begins to bleed from his wounds!
Sigmund is almost dead.
Sigmund hits you with a scythe!
Ouch! That really hurt!
* * * LOW HITPOINT WARNING * * *
You scratch Sigmund but do no damage.
Sigmund is almost dead.
Sigmund points at you and mumbles some strange words.
The magic dart hits you!
Ouch! That really hurt!
You die...

#......#.#.##.#.#.#..#
##......#.#....#.#.##.# ##
........#.######.#.##.# #.
.######.#........#..#.## #.
%.......##########..#..#########.
...<............................>
.......##......####.......#......
.......##.................#......
.......##......@@................
.......######''..................
...^.### #.#............####..
.....# # #............'.....
###### #......##....####.#
######.##....# #.# #####.##....#
#.# #.........#.####.#
##+##..###.#..#....


You could see Sigmund (bleeding).

Vanquished Creatures
  2 adders (D:2)
  A giant gecko (D:2)
  An ooze (D:2)
  3 giant cockroaches
  2 hobgoblins
  3 jackals (D:1)
  9 kobolds
  A quokka (D:2)
  6 bats
  6 giant newts
  4 goblins
  10 rats
48 creatures vanquished.

Notes
Turn   | Place    | Note
--------------------------------------------------------------
     0 | D:1      | McCoppin, the Felid Transmuter, began the quest for the Orb.
     0 | D:1      | Reached XP level 1. HP: 9/9 MP: 4/4
    63 | D:1      | Reached skill level 1 in Stealth
   130 | D:1      | Reached XP level 2. HP: 12/12 MP: 3/5
  1344 | D:2      | Reached XP level 3. HP: 15/15 MP: 6/8
  1454 | D:2      | Noticed Sigmund
  2028 | D:2      | Reached skill level 4 in Stealth
  2169 | D:2      | Killed from afar by Sigmund

Action                   || total
-------------------------++-------
Melee: Unarmed           ||   119
 Cast: Beastly Appendage ||    20
  Use: Potion            ||     6
       Scroll            ||     3
 Stab: Sleeping          ||     7
  Eat: Chunk             ||     9
